Map: Hard Lead LE

Players

SubN

  • Race: Zerg Zerg
  • League: Diamond
  • Spawn Location: 5:00

FrIGhT - Winner!

  • Race: Terran Terran
  • Spawn Location: 11:00

VOD

Have the link to the VOD?

Description

Time

  • Played on: Dec. 27, 2023, 2:20 p.m.
  • Length: 6:52
Show
View Real Time Build Order
Export as new Build Order

SubN Zerg 

Build Orders: Hatch First 

Get SALT Encoding   

  12  0:00  Drone  
  13  0:12  Overlord  
  13  0:16  Drone  
  14  0:30  Drone x2  
  16  0:50  Hatchery  
  16  0:51  Drone  
  16  0:55  Drone  
  17  0:58  Drone  
  18  1:08  Extractor  
  17  1:15  Spawning Pool  
  17  1:17  Drone  
  17  1:21  Drone  
  18  1:27  Drone  
  19  1:38  Drone  
  20  1:49  Overlord  
  20  2:03  Zergling x4  
  20  2:04  Queen x2  
  26  2:12  Metabolic Boost  
  26  2:20  Drone x2  
  28  2:40  Hatchery  
  27  2:44  Queen  
  27  2:46  Drone  
  27  2:47  Drone  
  27  2:49  Drone  
  32  2:53  Overlord  
  32  3:00  Drone x2  
  32  3:01  Drone  
  32  3:04  Drone  
  36  3:09  Overlord  
  36  3:13  Drone x2  
  36  3:15  Drone  
  36  3:16  Drone  
  36  3:19  Drone  
  41  3:24  Queen  
  43  3:28  Overlord  
  43  3:32  Overlord  
  43  3:41  Drone x2  
  45  3:43  Drone  
  46  3:49  Drone  
  46  3:50  Drone  
  46  3:53  Extractor  
  46  3:54  Extractor  
  46  3:55  Queen  
  48  4:01  Drone x5  
  53  4:08  Drone x3  
  56  4:12  Queen  
  58  4:18  Drone x3  
  61  4:29  Baneling Nest  
  61  4:31  Drone x3  
  63  4:40  Drone x2  
  65  4:46  Roach Warren, Evolution Chamber  
  65  4:47  Lair  
  65  4:48  Evolution Chamber  
  62  4:54  Overlord  
  62  4:55  Overlord x3  
  62  4:59  Drone x4, Extractor  
  65  5:02  Zergling x2  
  66  5:09  Overlord x5  
  66  5:19  Zergling x2  
  66  5:20  Zergling x8  
  71  5:24  Drone  
  72  5:33  Roach x5  
  76  5:41  Baneling x5  
  76  5:42  Baneling x2, Roach  
  75  5:45  Roach  
  75  5:47  Roach  
  79  5:52  Zergling x2  
  79  5:53  Zergling x12  
  86  6:00  Zergling x8  
  72  6:17  Zergling x14  
  65  6:27  Zergling x2  
  65  6:28  Zergling x4  
  65  6:30  Zergling x6  
  71  6:34  Zergling x4  
Show
View Real Time Build Order
Export as new Build Order

FrIGhT Terran - Winner!

Build Orders: 2 Factory 

Get SALT Encoding   

  12  0:01  SCV  
  13  0:13  SCV  
  14  0:22  Supply Depot  
  14  0:26  Refinery  
  14  0:31  Refinery  
  14  0:35  SCV  
  15  0:49  Barracks  
  15  0:56  SCV  
  16  1:06  Supply Depot  
  16  1:13  SCV  
  17  1:36  Factory  
  17  1:44  Bunker  
  17  1:49  Marine  
  18  2:06  Orbital Command  
  18  2:24  Armory  
  18  2:41  Factory  
  18  2:48  Hellion  
  20  2:51  SCV  
  21  3:17  Factory Tech Lab  
  21  3:18  Terran Vehicle Weapons Level 1  
  21  3:24  Factory Tech Lab  
  21  3:36  Thor  
  27  3:48  Thor  
  33  4:23  Thor  
  39  5:07  Thor  
  44  5:27  Marine  
  45  5:50  Marine  
  40  6:21  Marine  
Tags
 
Add a new tag
Caveats
  • Supply blocks, unpowered buildings, or Contaminate may cause inaccurate times.
  • Supply counts are checked every 10 seconds.